 Dungeon Sprint DCSS version 0.24-a0-784-g601f8f6d22 (webtiles) character file.

Game seed: 18196256830197708890, levelgen mode: deterministic

15 IC0N0FSIN the Blocker (level 6, -5/56 HPs)
             Began as a Formicid Fighter on Oct 9, 2019.
             Was a Believer of the Shining One.
             Slain by a mummy (15 damage)
             ... in the Dungeon (Sprint VI: "Thunderdome").
             The game lasted 00:05:26 (373 turns).

IC0N0FSIN the Blocker (Formicid Fighter)             Turns: 373, Time: 00:05:27

Health: -5/56      AC: 15    Str: 23    XL:     6   Next: 57%
Magic:  6/6        EV: 10    Int:  7    God:    the Shining One [**....]
Gold:   10         SH: 11    Dex: 10    Spells: 5/5 levels left

rFire    . . .     SeeInvis +   g - +2 mace (protect)
rCold    . . .     Gourm    .   c - +0 shield
rNeg     + . .     Faith    .   b - +0 scale mail
rPois    .         Spirit   .   (helmet unavailable)
rElec    .         Reflect  .   (no cloak)
rCorr    .         Harm     .   (no gloves)
MR       .....                  (no boots)
Stlth    ..........             (no amulet)
HPRegen  0.18/turn              (no ring)
MPRegen  0.10/turn              (no ring)

@: protection aura, glowing
A: permanent stasis, dig shafts and tunnels, four strong arms, antennae 3
a: Dig, Divine Shield, Renounce Religion


You were in the Dungeon.
You worshipped the Shining One.
The Shining One was pleased with you.
You were not hungry.

You visited 1 branch You collected 10 gold pieces.

Inventory:

Hand Weapons
 a - a +0 quarterstaff
 g - a +2 mace of protection (weapon)
Armour
 b - a +0 scale mail (worn)
 c - a +0 shield (worn)
Scrolls
 k - a scroll of blinking
Potions
 h - a potion of haste
 i - 2 potions of magic
 j - a potion of berserk rage
Comestibles
 d - 7 chunks of flesh
 f - a ration


   Skills:
 + Level 7.9 Fighting
 + Level 3.8(4.8) Maces & Flails
 + Level 4.4(5.1) Staves
 + Level 7.5 Armour
 + Level 1.0 Dodging
 + Level 9.0 Shields


You had 5 spell levels left.
You didn't know any spells.
Your spell library was empty.

Dungeon Overview and Level Annotations

Branches:
Dungeon (1/1)

Altars:
Cheibriados
Dithmenos
Fedhas
Gozag
Kikubaaqudgha
Makhleb
Okawaru
Qazlal
Ru
Sif Muna
Trog
Uskayaw
Vehumet
Wu Jian
Xom
Yredelemnul
Zin
The Shining One
Beogh
Jiyva
Lugonu

Shops:
D *[%???:(!!!!


Innate Abilities, Weirdness & Mutations

You cannot be hasted, slowed, berserked, paralysed or teleported.
You can dig through walls and to a lower floor.
Your four strong arms can wield two-handed weapons with a shield.
You have a pair of large antennae on your head. (SInv)


Message History

You hit Menkaure.
Menkaure is severely damaged.
You block Menkaure's attack.
A mummy comes into view.
The mummy barely misses you.
You sock Menkaure!
You destroy Menkaure!
The Shining One accepts your kill.
You can now call upon the Shining One for a divine shield.
Your base Maces & Flails skill gained 2 levels and is now at level 3!
Your base Staves skill increases to level 4!
Your Armour skill increases to level 7!
Your Dodging skill increases to level 1!
Your Shields skill gained 2 levels and is now at level 9!
You have reached level 6!
Your experience leads to an increase in your attributes!
Increase (S)trength, (I)ntelligence, or (D)exterity?
You feel stronger. The mummy hits you!
You die...

#_......._#
###.........###
#⌠...........⌠#
######.8.M.M.....8.######
#∩.__...M..##[%.....___∩##
∩........8.##[[8........∩#
...........###....[.......
........###...###M........
........# #.<.#.@.........
........###...###.........
...........###............
∩........8.# #.8........∩#
#∩___.c....# #......___∩##
######.8.........8.######
#⌠...........⌠#
###.........###
#_......._#


You could see a mummy.

Vanquished Creatures
  Menkaure (D)
  A hound (D)
  2 orc wizards (D)
  Jessica (D)
  Terence (D)
  A mummy (D)
  An adder (D)
  2 orcs (D)
10 creatures vanquished.

Notes
Turn   | Place    | Note
-------+----------+-------------------------------------------
     0 | D        | IC0N0FSIN the Formicid Fighter began the quest for the Orb.
     0 | D        | Reached XP level 1. HP: 18/18 MP: 1/1
     0 | D        | Found a radiant altar of Vehumet.
     0 | D        | Found a stormy altar of Qazlal.
     1 | D        | Found a roughly hewn altar of Beogh.
     1 | D        | Found an ancient bone altar of Kikubaaqudgha.
     2 | D        | Found a shimmering blue altar of Sif Muna.
     3 | D        | Found Ycsisoxu's Identification Station.
     3 | D        | Found an ornate altar of the Wu Jian Council.
     3 | D        | Found a blossoming altar of Fedhas.
     3 | D        | Found Wifakeha's Delicious Food.
     4 | D        | Found Rowum's Advanced Armour.
     4 | D        | Found Ocuenlar's Jewellery.
     5 | D        | Round 1.
     7 | D        | Noticed Jessica
     7 | D        | Noticed Terence
    10 | D        | Found a glowing silver altar of Zin.
    11 | D        | Found an opulent altar of Gozag.
    13 | D        | Found a shimmering altar of Xom.
    14 | D        | Found a glowing golden altar of the Shining One.
    14 | D        | Found Toiclumu's Magic Scroll Shop.
    14 | D        | Found Ozoigoh's Staff Store.
    15 | D        | Found Hopav's Magic Scroll Shop.
    15 | D        | Found Fuag Zai's Must-Have Magic.
    17 | D        | Found a hide-covered altar of Uskayaw.
    31 | D        | Killed Terence
    31 | D        | Reached skill level 5 in Shields
    31 | D        | Reached XP level 2. HP: 15/26 MP: 2/2
    31 | D        | Reached XP level 3. HP: 19/32 MP: 3/3
    33 | D        | Killed Jessica
    33 | D        | Reached skill level 5 in Fighting
    33 | D        | Reached skill level 5 in Armour
    33 | D        | Reached XP level 4. HP: 10/39 MP: 4/4
    57 | D        | Found a basalt altar of Yredelemnul.
    60 | D        | Found an iron altar of Okawaru.
    60 | D        | Found a sacrificial altar of Ru.
    61 | D        | Found a burning altar of Makhleb.
    61 | D        | Found a snail-covered altar of Cheibriados.
    67 | D        | Reached skill level 6 in Shields
   129 | D        | Noticed a centaur
   146 | D        | Found a corrupted altar of Lugonu.
   146 | D        | Found a viscous altar of Jiyva.
   172 | D        | Found a bloodstained altar of Trog.
   172 | D        | Found a shadowy altar of Dithmenos.
   172 | D        | Arena points: 5 (+5) [x1]
   174 | D        | Found Lyibbint's Do-It-Yourself Clinic.
   174 | D        | Found Cyxud's Distillery.
   175 | D        | Found Muozuic's Bottled Wisdom.
   175 | D        | Found Qututsit's Distillery.
   187 | D        | Round 2.
   241 | D        | Reached skill level 7 in Shields
   241 | D        | Reached XP level 5. HP: 44/47 MP: 5/5
   292 | D        | Reached skill level 1 in Maces & Flails
   296 | D        | Arena points: 15 (+10) [x1]
   311 | D        | Round 3.
   318 | D        | Became a worshipper of the Shining One
   350 | D        | Noticed Menkaure
   350 | D        | Reached * piety under the Shining One
   373 | D        | Killed Menkaure
   373 | D        | Reached ** piety under the Shining One
   373 | D        | Reached skill level 1 in Dodging
   373 | D        | Reached skill level 9 in Shields
   373 | D        | Reached XP level 6. HP: 10/56 MP: 6/6
   373 | D        | Slain by a mummy

Levels and vault maps discovered:
D:        arena_sprint

Skill      XL: |  1  2  3  4  5 |
---------------+----------------+-----
Fighting       | 4 5 6 7 |  7.9
Armour         | 4 5 6 7 |  7.5
Shields        | 5 7 9 |  9.0
Staves         | 3 4 |  4.4
Maces & Flails | 3 |  3.8
Dodging        | 1 |  1.0

Action                   |  1- 3 |  4- 6 || total
-------------------------+-------+-------++-------
Melee: Quarterstaff      |    12 |    10 ||    22
       Mace              |       |    28 ||    28
 Abil: Dig               |     1 |     2 ||     3
  Use: Potion            |     2 |     1 ||     3
Armor: Scale mail        |     2 |     4 ||     6
Dodge: Dodged            |     3 |     6 ||     9
Block: Shield            |     5 |    23 ||    28

Table legend:
 A = Non-vault XP
 B = Vault XP
 C = Vault XP percentage of total XP
 D = Non-vault monster count
 E = Vault monster count
 F = Vault count percentage of total count
                 A         B        C        D         E       F
            +---------+---------+-------+---------+---------+-------
      Total |     413 |       0 |   0.0 |      10 |       0 |   0.0
            +---------+---------+-------+---------+---------+-------
          D |     413 |       0 |   0.0 |      10 |       0 |   0.0
            +---------+---------+-------+---------+---------+-------
